 Dungeon Crawl Stone Soup version 0.27-a0-404-g4390dbc5be (webtiles) character file.

Game seed: 18164751332541141945

92 CryoSword the Chopper (level 4, 0/41 HPs)
             Began as a Gnoll Wanderer on Feb 22, 2021.
             Slain by a hound (3 damage)
             ... on level 2 of the Dungeon.
             The game lasted 00:02:56 (2539 turns).

CryoSword the Chopper (Gnoll Wanderer)              Turns: 2539, Time: 00:02:57

Health: 0/41       AC:  2    Str: 12    XL:     4   Next: 60%
Magic:  5/5        EV: 12    Int: 11    God:
Gold:   109        SH:  0    Dex: 12    Spells: 5/5 levels left

rFire    . . .     SeeInvis .   a - +0 hand axe (flame)
rCold    . . .     Faith    .   (no shield)
rNeg     . . .     Spirit   .   d - +0 robe
rPois    .         Reflect  .   (no helmet)
rElec    .         Harm     .   (no cloak)
rCorr    .         Rampage  .   (no gloves)
Will     .....                  (no boots)
Stlth    ++........             (no amulet)
HPRegen  0.13/turn              (no ring)
MPRegen  0.09/turn              (no ring)

@: no status effects
A: distributed training, fangs 1, strong nose
a: no special abilities


You were on level 2 of the Dungeon.
You visited 1 branch of the dungeon, and saw 2 of its levels.

You collected 109 gold pieces.

Inventory:

Hand Weapons
 a - a +0 hand axe of flaming (weapon)
   (You took it off a goblin on level 1 of the Dungeon)
Armour
 d - a +0 robe (worn)
Jewellery
 n - a +6 ring of strength {unknown}
   (You found it on level 2 of the Dungeon)
Scrolls
 b - 3 scrolls of teleportation {@r4}
 j - a scroll of immolation {unknown}
 m - 3 scrolls of magic mapping {unknown}
 o - a scroll of identify {unknown}
Potions
 e - a potion of mutation {unknown}
 f - a potion of heal wounds {unknown}
 g - 2 potions of ambrosia {unknown}
 h - 2 potions of curing {unknown}
 i - a potion of degeneration {unknown}
 k - a potion of might {unknown}
 l - a potion of haste {unknown}
 p - a potion of brilliance {unknown}


   Skills:
 + Level 6.6 Fighting
 + Level 1.2 Short Blades
 + Level 1.2 Long Blades
 + Level 6.6 Axes
 + Level 1.2 Maces & Flails
 + Level 1.2 Polearms
 + Level 1.2 Staves
 + Level 1.2 Slings
 + Level 1.2 Bows
 + Level 1.2 Crossbows
 + Level 1.2 Throwing
 + Level 4.6 Armour
 + Level 1.2 Dodging
 + Level 1.2 Stealth
 + Level 2.8 Shields
 + Level 1.2 Unarmed Combat
 + Level 1.2 Spellcasting
 + Level 1.0 Conjurations
 + Level 1.0 Hexes
 + Level 1.0 Summonings
 + Level 1.0 Necromancy
 + Level 1.0 Translocations
 + Level 1.0 Transmutations
 + Level 1.0 Fire Magic
 + Level 1.0 Ice Magic
 + Level 1.0 Air Magic
 + Level 1.0 Earth Magic
 + Level 1.0 Poison Magic
 + Level 1.3 Invocations
 + Level 2.8 Evocations


You had 5 spell levels left.
You didn't know any spells.
Your spell library was empty.

Dungeon Overview and Level Annotations

Branches:
Dungeon (2/15)

Altars:

Annotations:
D:2 Crazy Yiuf


Innate Abilities, Weirdness & Mutations

Your experience applies equally to all skills.
You have very sharp teeth.
Your uncanny sense of smell can sniff out nearby items.


Message History

No target in view!
No target in view!
You see here a giant cockroach corpse.
You see here a dagger.
Found a stone staircase leading up.
A frilled lizard comes into view.
The frilled lizard hisses angrily.
A frilled lizard is nearby!
There is a stone staircase leading up here.
You hit the frilled lizard but do no damage.
The frilled lizard misses you.
You slash the frilled lizard! You burn the frilled lizard.
You kill the frilled lizard!
No target in view!
No target in view!
You see here a frilled lizard corpse.
A quokka comes into view.
A quokka is nearby!
A quokka is nearby!
A quokka is nearby!
A kobold comes into view. It is wielding a +0 dagger.
Found a whip.
You hit the quokka but do no damage. You bite the quokka, but do no damage.
The quokka barely misses you.
You closely miss the quokka. The quokka barely misses you.
You hit the quokka. You burn the quokka. The quokka closely misses you.
The quokka barely misses you.
You hit the quokka. You burn the quokka.
You kill the quokka!
The kobold barely misses you.
You see here a quokka corpse.
You slash the kobold! You burn the kobold.
You kill the kobold!
No target in view!
No target in view!
No target in view!
No target in view!
No target in view!
No target in view!
No target in view!
No target in view!
No target in view!
No target in view!
No target in view!
No target in view!
Found a pair of boots.
Things that are here:
a +0 dagger; 5 stones
Things that are here:
a +0 dagger; 5 stones A bat comes into view.
A bat is nearby!
A bat is nearby!
A bat is nearby!
You hit the bat. You burn the bat.
You kill the bat!
No target in view!
No target in view!
No target in view!
No target in view!
No target in view!
No target in view!
No target in view!
No target in view!
No target in view!
No target in view!
No target in view!
No target in view!
You see here a bat corpse.
Found a mace.
Found a runed translucent door.
Crazy Yiuf shouts!
You see here a bat corpse.
An adder comes into view.
An adder is nearby!
An adder is nearby!
An adder is nearby!
The adder hisses angrily.
The adder bites you.
You are poisoned.
The adder poisons you!
You slash the adder! You burn the adder.
You kill the adder!
You feel sick.
Your Conjurations skill increases to level 1!
Your Hexes skill increases to level 1!
Your Summonings skill increases to level 1!
Your Necromancy skill increases to level 1!
Your Translocations skill increases to level 1!
Your Transmutations skill increases to level 1!
Your Fire Magic skill increases to level 1!
Your Ice Magic skill increases to level 1!
Your Air Magic skill increases to level 1!
Your Earth Magic skill increases to level 1!
Your Poison Magic skill increases to level 1!
You see here an adder corpse.
You start resting.
You feel sick. x4
You are no longer poisoned.
You start resting.
You now have 109 gold pieces (gained 7).
There is a stone staircase leading down here.
A hound is nearby!
A hound is nearby!
A hound is nearby!
No target in view!
No target in view!
There is a stone staircase leading down here.
There is a stone staircase leading up here.
You see here a dagger.
Key pressed, stopping explore.
There is a stone staircase leading down here.
There is a stone staircase leading up here.
You see here a bat skeleton.
You open the door.
There is an open translucent door here.
Crazy Yiuf shouts!
You hit Crazy Yiuf but do no damage.
Crazy Yiuf hits you with a +3 quarterstaff of chaos.
You blink.
No target in view!
No target in view!
Unknown command.
No target in view!
You closely miss Crazy Yiuf.
Crazy Yiuf hits you with a +3 quarterstaff of chaos!
Crazy Yiuf freezes you!
* * * LOW HITPOINT WARNING * * *
You hit Crazy Yiuf. You burn Crazy Yiuf.
Crazy Yiuf hits you with a +3 quarterstaff of chaos.
* * * LOW HITPOINT WARNING * * *
You hit Crazy Yiuf but do no damage.
Crazy Yiuf hits you with a +3 quarterstaff of chaos!
* * * LOW HITPOINT WARNING * * *
You feel your power leaking away.
Crazy Yiuf whimpers, "Island!"
Okay, then.
Crazy Yiuf cries, "You leg down broken song, no?"
You see here a bat skeleton.
Crazy Yiuf says, "You!"
Crazy Yiuf grits, "Dawk unthinkable meccalolo!"
Crazy Yiuf cries, "Ghoul childish ragdoll!"
The hound barks!
The hound stops to sniff the ground.
The hound bites you.
* * * LOW HITPOINT WARNING * * *
The hound bites you.
* * * LOW HITPOINT WARNING * * *
Crazy Yiuf says, "Cards!
Dawk toodlewoodle dark."
The hound closely misses you. The hound bites you.
You die...

.#.# #.# ###..# ##.# ...# #.#
#..# #..# #..# #.# #..# #.##
#..# #.# #..# #.# #..# #.#
#..# #.# #..# #.# #..# #.#
#..# #.# #..# #.# #..#
#.########..# #.# ...#
####......@hg..####.#######
#.##
##.###########..............
..#
##...##########..#####.######
..# #...)............# #.#
..# ##)..###########.# #.#
#### ..# #.....#### #.# #.#
#..† ### ###......# #.# #.#
#.## #...##.# #.# #)# #.#
#### #...##.#######.# #.#
#.##


You could see Crazy Yiuf and a hound.

Vanquished Creatures
  4 adders (D:2)
  2 dart slugs (D:2)
  5 bats
  3 giant cockroaches (D:2)
  7 goblins
  6 hobgoblins
  4 jackals (D:2)
  2 quokkas (D:2)
  A ball python (D:1)
  3 frilled lizards
  9 kobolds
  4 rats
50 creatures vanquished.

Vanquished Creatures (others)
  A plant (D:1)
1 creature vanquished.

Grand Total: 51 creatures vanquished

Notes
Turn   | Place    | Note
-------+----------+-------------------------------------------
     0 | D:1      | CryoSword the Gnoll Wanderer began the quest for the Orb.
     0 | D:1      | CryoSword set off with the following items: a +2 hand axe,
                  | a scroll of teleportation {@r4}, a potion of lignification
                  | {!q}, a +0 robe
     0 | D:1      | Reached XP level 1. HP: 23/23 MP: 1/1
    75 | D:1      | Reached XP level 2. HP: 26/29 MP: 2/2
   808 | D:1      | Reached XP level 3. HP: 35/35 MP: 3/3
  1077 | D:2      | Reached skill level 1 in Invocations
  1206 | D:2      | Reached skill level 1 in Short Blades
  1206 | D:2      | Reached skill level 1 in Long Blades
  1206 | D:2      | Reached skill level 1 in Maces & Flails
  1206 | D:2      | Reached skill level 1 in Polearms
  1206 | D:2      | Reached skill level 1 in Staves
  1206 | D:2      | Reached skill level 1 in Slings
  1206 | D:2      | Reached skill level 1 in Bows
  1206 | D:2      | Reached skill level 1 in Crossbows
  1206 | D:2      | Reached skill level 1 in Throwing
  1206 | D:2      | Reached skill level 1 in Dodging
  1206 | D:2      | Reached skill level 1 in Stealth
  1206 | D:2      | Reached skill level 1 in Unarmed Combat
  1206 | D:2      | Reached skill level 1 in Spellcasting
  1477 | D:2      | Reached XP level 4. HP: 41/41 MP: 5/5
  2115 | D:2      | Found a runed translucent door.
  2116 | D:2      | Noticed Crazy Yiuf
  2168 | D:2      | Reached skill level 1 in Conjurations
  2168 | D:2      | Reached skill level 1 in Hexes
  2168 | D:2      | Reached skill level 1 in Summonings
  2168 | D:2      | Reached skill level 1 in Necromancy
  2168 | D:2      | Reached skill level 1 in Translocations
  2168 | D:2      | Reached skill level 1 in Transmutations
  2168 | D:2      | Reached skill level 1 in Fire Magic
  2168 | D:2      | Reached skill level 1 in Ice Magic
  2168 | D:2      | Reached skill level 1 in Air Magic
  2168 | D:2      | Reached skill level 1 in Earth Magic
  2168 | D:2      | Reached skill level 1 in Poison Magic
  2535 | D:2      | HP: 2/41 [hound (3)]
  2539 | D:2      | Slain by a hound

Illustrated notes

Levels and vault maps discovered:
D:1:      wander_arrival_desolate, layout_rooms, serial_forest,
          infiniplex_forest_clump_double, infiniplex_forest_lined_room_2,
          infiniplex_forest_clump_tiny, infiniplex_forest_lined_corner,
          minmay_hedge_maze
D:2:      layout_loops_ring, uniq_crazy_yiuf_cottage

Skill      XL: |  1  2  3  4 |
---------------+-------------+-----
Invocations    | 1 |  1.3
Short Blades   | 1 |  1.2
Long Blades    | 1 |  1.2
Maces & Flails | 1 |  1.2
Polearms       | 1 |  1.2
Staves         | 1 |  1.2
Slings         | 1 |  1.2
Bows           | 1 |  1.2
Crossbows      | 1 |  1.2
Throwing       | 1 |  1.2
Dodging        | 1 |  1.2
Stealth        | 1 |  1.2
Unarmed Combat | 1 |  1.2
Spellcasting   | 1 |  1.2
Conjurations   | 1 |  1.0
Hexes          | 1 |  1.0
Summonings     | 1 |  1.0
Necromancy     | 1 |  1.0
Translocations | 1 |  1.0
Transmutations | 1 |  1.0
Fire Magic     | 1 |  1.0
Ice Magic      | 1 |  1.0
Air Magic      | 1 |  1.0
Earth Magic    | 1 |  1.0
Poison Magic   | 1 |  1.0
Fighting       | |  6.6
Axes           | |  6.6
Armour         | |  4.6
Shields        | |  2.8
Evocations     | |  2.8

Action                   |  1- 3 |  4- 6 || total
-------------------------+-------+-------++-------
Melee: Hand axe          |    85 |    40 ||   125
       Bite              |     6 |     1 ||     7
       Punch             |     1 |       ||     1
  Use: Potion            |       |     1 ||     1
 Stab: Sleeping          |     1 |       ||     1
Armor: Robe              |    11 |     7 ||    18
Dodge: Dodged            |    44 |    24 ||    68

Table legend: (Time is in decaauts)
 A = Elapsed time spent in this place.
 B = Non-inter-level travel time spent in this place.
 C = Inter-level travel time spent in this place.
 D = Time resting spent in this place.
 E = Time spent auto-exploring this place.
 F = Levels seen in this place.
 G = Mean time per level.
                   A        B        C        D        E       F      G
               +--------+--------+--------+--------+--------+-----+--------+
         Total |   2536 |   2497 |     39 |    890 |   1260 |   2 | 1268.0 |
       Dungeon |   2536 |   2497 |     39 |    890 |   1260 |   2 | 1268.0 |
               +--------+--------+--------+--------+--------+-----+--------+

Top non-repeatable levels by time:
     D:2: 1543 daAuts
     D:1: 993 daAuts
